 Dungeon Crawl Stone Soup version 0.29-a0-520-gc852659d43 (webtiles) character file.

Game seed: 10838337384180135899

63 Bruhh the Ogre Mage (level 4, -5/39 HPs)
             Began as an Ogre Earth Elementalist on May 31, 2022.
             Slain by a gnoll
             ... wielding a +0 flail
              (11 damage)
             ... on level 2 of the Dungeon.
             The game lasted 00:01:39 (1961 turns).

Bruhh the Ogre Mage (Ogre Earth Elementalist)       Turns: 1961, Time: 00:01:40

Health: -5/39      AC:  3    Str: 10 (12) XL:     4   Next: 10%
Magic:  6/9        EV:  5    Int: 15 (18) God:
Gold:   155        SH:  0    Dex:  6 (9)  Spells: 9/10 levels left

rFire   . . .      SeeInvis .   f - +0 short sword
rCold   . . .      Faith    .   e - orb {light}
rNeg    . . .      Spirit   .   b - +0 robe
rPois   .          Reflect  .   (helmet restricted)
rElec   .          Harm     .   (no cloak)
rCorr   .          Rampage  .   (gloves unavailable)
Will    .....                   (boots unavailable)
Stlth   +.........              (no amulet)
HPRegen 0.13/turn               (no ring)
MPRegen 0.11/turn               (no ring)

@: held, glowing
A: large, unfitting armour, tough skin 1
a: no special abilities


You were on level 2 of the Dungeon.
You visited 1 branch of the dungeon, and saw 2 of its levels.

You collected 155 gold pieces.

Inventory:

Hand Weapons
 f - a +0 short sword (weapon)
Missiles
 a - 65 stones
Armour
 b - a +0 robe (worn)
 e - an orb of light (worn)
Scrolls
 g - a scroll of teleportation {unknown}
 j - a scroll of identify {unknown}
Potions
 d - a potion of might {unknown}
 h - a potion of lignification {unknown}
 i - a potion of ambrosia {unknown}
 k - a potion of degeneration
 l - a potion of curing


   Skills:
 - Level 1.7 Dodging
 - Level 1.4 Stealth
 + Level 3.8 Spellcasting
 - Level 0.8 Transmutations
 + Level 3.6 Earth Magic


You had 9 spell levels left.
You knew the following spells:

 Your Spells              Type           Power      Damage    Failure   Level
a - Sandblast             Erth           26%        2d8       4%          1

Your spell library contained the following spells:

 Spells                   Type           Power      Damage    Failure   Level
 Passwall                 Tmut/Erth      7%         N/A       11%         2
 Necrotize                Necr           8%         1d4       19%         1
 Summon Small Mammal      Summ           8%         N/A       19%         1
 Stone Arrow              Conj/Erth      16%        3d8       26%         3
 Call Canine Familiar     Summ           2%         N/A       50%         3
 Summon Guardian Golem    Hex/Summ       2%         N/A       50%         3
 Vampiric Draining        Necr           2%         2d6       50%         3
 Petrify                  Tmut/Erth      9%         N/A       58%         4
 Agony                    Necr           2%         N/A       99%         5


Dungeon Overview and Level Annotations

Branches:
Dungeon (2/15)

Altars:


Innate Abilities, Weirdness & Mutations

You are too large for most types of armour.
You have tough skin. (AC +1)


Message History

You struggle against the net.
The gnoll hits you with a +0 club.
You struggle against the net.
The gnoll hits you with a +0 club.
You shred the net and break free! The gnoll barely misses you.
The gnoll attacks as you move away! The gnoll barely misses you.
The gnoll attacks as you move away! The gnoll hits you with a +0 flail.
* * * LOW HITPOINT WARNING * * *
The gnoll attacks as you move away! The gnoll misses you.
The gnoll attacks as you move away! The gnoll barely misses you.
It was a potion of degeneration.
There was something very wrong with that liquid.
You feel weakened.
You feel dopey.
You feel clumsy.
It was a potion of curing.
You feel better. The gnoll hits you with a +0 club.
Magic courses through your body.
The gnoll throws a throwing net.
The throwing net hits you.
You become entangled in the net!
The gnoll hits you with a +0 club. The gnoll hits you with a +0 flail.
* * * LOW HITPOINT WARNING * * *
You are too injured to fight recklessly!
You are too injured to fight recklessly!
Unknown command.
Casting: Sandblast (safe; 4% risk of failure)
Confirm with . or Enter, or press ? or * to list all spells.
Aiming: Sandblast (safe; 4% risk of failure)
Press: ? - help, Shift-Dir - straight line, f/p - gnoll
Aim: a gnoll, wielding a +0 club (severely wounded, haloed, 87% to hit)
The blast of sand hits the gnoll.
You kill the gnoll!
The gnoll barely misses you. The goblin hits you with a +0 club.
* * * LOW HITPOINT WARNING * * *
You have reached level 4!
Unknown command.
Unknown command.
Casting: Sandblast (safe; 4% risk of failure)
Confirm with . or Enter, or press ? or * to list all spells.
Aiming: Sandblast (safe; 4% risk of failure)
Press: ? - help, Shift-Dir - straight line, f - gnoll
Aim: a gnoll, wielding a +0 flail (haloed, 87% to hit)
The blast of sand hits the gnoll.
The gnoll is moderately wounded.
The gnoll hits you with a +0 flail!
You die...

####+#.##.....[..#
#......##...######
#......##...#
######.........###
........#)#.#### #####
.......................
#####.................
.######..#.#.###....####
......)@g#+#.# #....#
.#######g#....# #....####
........g.....# #....+...
.###....)#....###....####
+..)..+.......†......#
#†....####.###.#####.#
#........ .# #.....#.#
#........##########.#..
...........#.†.....#.##.


You could see 2 gnolls and a goblin.

Vanquished Creatures
  2 gnolls (D:2)
  6 bats
  4 endoplasms
  5 goblins
  5 hobgoblins
  3 quokkas
  2 ball pythons (D:2)
  4 frilled lizards
  5 kobolds
  5 rats
41 creatures vanquished.

Notes
Turn   | Place    | Note
-------+----------+-------------------------------------------
     0 | D:1      | Bruhh the Ogre Earth Elementalist began the quest for the
                  | Orb.
     0 | D:1      | Reached XP level 1. HP: 16/16 MP: 3/3
   189 | D:1      | Reached XP level 2. HP: 21/24 MP: 5/5
   877 | D:1      | Found a faded altar of an unknown god.
  1025 | D:1      | Reached XP level 3. HP: 24/31 MP: 7/7
  1961 | D:2      | Reached XP level 4. HP: 6/39 MP: 7/9
  1961 | D:2      | Slain by a gnoll

Illustrated notes

Levels and vault maps discovered:
D:1:      psy_arrival_terrarium, layout_loops_ring,
          ebering_ecumenical_altar_petrified
D:2:      layout_basic

Skill      XL: |  1  2 |
---------------+-------+-----
Earth Magic    | 3 |  3.6
Spellcasting   | 3 |  3.8
Dodging        | |  1.7
Stealth        | |  1.4
Transmutations | |  0.8

Action                   |  1- 3 |  4- 6 || total
-------------------------+-------+-------++-------
Melee: Short sword       |    70 |       ||    70
 Cast: Sandblast         |    31 |     1 ||    32
  Use: Potion            |     3 |       ||     3
Armor: Robe              |    22 |       ||    22
Dodge: Dodged            |    57 |       ||    57

Table legend: (Time is in decaauts)
 A = Elapsed time spent in this place.
 B = Non-inter-level travel time spent in this place.
 C = Inter-level travel time spent in this place.
 D = Time resting spent in this place.
 E = Time spent auto-exploring this place.
 F = Levels seen in this place.
 G = Mean time per level.
                   A        B        C        D        E       F      G
               +--------+--------+--------+--------+--------+-----+--------+
         Total |   1967 |   1922 |     45 |      0 |   1658 |   2 |  983.5 |
       Dungeon |   1967 |   1922 |     45 |      0 |   1658 |   2 |  983.5 |
               +--------+--------+--------+--------+--------+-----+--------+

Top non-repeatable levels by time:
     D:1: 1355 daAuts
     D:2: 612 daAuts
